 Dungeon Crawl Stone Soup version 0.30-a0-939-gc8157cb160 (webtiles) character file.

Game seed: 5790069670784100650

41 Iniera the Twirler (level 3, -1/28 HPs)
             Began as a Demonspawn Gladiator on Mar 25, 2023.
             Slain by a kobold
             ... wielding a +2 dagger of electrocution
              (15 damage)
             ... on level 2 of the Dungeon.
             The game lasted 00:00:59 (777 turns).

Iniera the Twirler (Demonspawn Gladiator)            Turns: 777, Time: 00:01:00

Health: -1/28      AC:  4    Str: 16    XL:     3   Next: 32%
Magic:  3/3        EV: 12    Int:  9    God:
Gold:   88         SH:  0    Dex: 14    Spells: 2/2 levels left

rFire   . . .      SeeInvis .    a - +0 quarterstaff
rCold   . . .      Faith    .    (shield currently unavailable)
rNeg    . . .      Spirit   .    b - +0 leather armour
rPois   .          Reflect  .    c - +0 helmet
rElec   .          Rampage  .    (no cloak)
rCorr   .                        (no gloves)
Will    .....                    (no boots)
Stlth   +                        (no amulet)
HPRegen 0.24/turn                (no ring)
MPRegen 0.08/turn                (no ring)

@: no status effects
A: hooves 1, demonic touch 1
a: no special abilities


You were on level 2 of the Dungeon.
You visited 1 branch of the dungeon, and saw 2 of its levels.

You collected 88 gold pieces.

Inventory:

Hand Weapons
 a - a +0 quarterstaff (weapon)
Missiles
 d - 3 throwing nets (quivered)
 e - a javelin
Armour
 b - a +0 leather armour (worn)
 c - a +0 helmet (worn)
Scrolls
 f - 2 scrolls of identify {unknown}
 h - 2 scrolls of teleportation {unknown}
 j - a scroll of silence {unknown}
Potions
 g - a potion of heal wounds {unknown}
 i - a potion of invisibility {unknown}
 k - a potion of brilliance {unknown}


   Skills:
 + Level 2.3 Fighting
 - Level 3.3 Staves
 - Level 1.7 Throwing
 - Level 2.6 Dodging
 * Level 1.5 Unarmed Combat


You had 2 spell levels left.
You didn't know any spells.
Your spell library was empty.

Dungeon Overview and Level Annotations

Branches:
Dungeon (2/15)

Altars:


Innate Abilities, Weirdness & Mutations

You have large cloven feet.
Your touch may inflict minor irresistible damage on your foes.


Message History

No target in view!
No target in view!
k - a metallic white potion You see here 3 stones.
As you open the door, it creaks loudly!
No target in view!
No target in view!
There is an open door here.
You open the door.
Found a stone staircase leading down.
There is an open door here.
No target in view!
A giant cockroach comes into view.
Found a ring mail.
A kobold comes into view.
It is wielding a +2 dagger of electrocution.
Found 16 gold pieces.
The kobold shouts!
The kobold hits you with a +2 dagger of electrocution.
You closely miss the giant cockroach. Your kick misses the giant cockroach.
The giant cockroach closely misses you.
The kobold hits you with a +2 dagger of electrocution.
You hit the giant cockroach but do no damage.
You kick the giant cockroach, but do no damage.
The giant cockroach bites you but does no damage.
The kobold hits you with a +2 dagger of electrocution.
The giant cockroach bites you but does no damage.
You barely miss the giant cockroach.
The kobold hits you with a +2 dagger of electrocution.
The giant cockroach barely misses you.
You closely miss the giant cockroach. Your kick misses the giant cockroach.
The kobold hits you with a +2 dagger of electrocution.
The giant cockroach barely misses you.
The kobold hits you with a +2 dagger of electrocution.
The giant cockroach barely misses you.
You closely miss the giant cockroach.
The giant cockroach bites you but does no damage.
The kobold hits you with a +2 dagger of electrocution.
You are electrocuted!
Ouch! That really hurt!
You die...

..........## ######+#'##
##.....................#
##......#.### ####.....#
........#.# #.....#
....#####.###### #.....#
................##.....#
.....###.........##'####
.....# ###........#
'###### ......B@####
......# .......K#
......# ..[.>.#.#
......# ...##.#.#
......# .. $ ..# ......#
. ## #.# ......# ...
............ ...
............


You could see a giant cockroach and a kobold.

Vanquished Creatures
  A dart slug (D:1)
  6 endoplasms
  A giant cockroach (D:1)
  5 goblins (D:1)
  3 hobgoblins (D:1)
  5 quokkas
  2 ball pythons (D:1)
  5 bats
  3 frilled lizards (D:1)
  A kobold (D:1)
  4 rats (D:1)
36 creatures vanquished.

Notes
Turn   | Place    | Note
-------+----------+-------------------------------------------
     0 | D:1      | Iniera the Demonspawn Gladiator began the quest for the
                  | Orb.
     0 | D:1      | Reached XP level 1. HP: 16/16 MP: 1/1
    44 | D:1      | Reached skill level 3 in Staves
    96 | D:1      | Discovered your monstrous ancestry.
    96 | D:1      | Gained mutation: You have large cloven feet. [demonic
                  | ancestry]
    96 | D:1      | Reached XP level 2. HP: 22/22 MP: 2/2
   251 | D:1      | Reached skill level 1 in Unarmed Combat
   292 | D:1      | Gained mutation: Your touch may inflict minor irresistible
                  | damage on your foes. [demonic ancestry]
   292 | D:1      | Reached XP level 3. HP: 27/27 MP: 3/3
   777 | D:2      | Slain by a kobold

Illustrated notes

Levels and vault maps discovered:
D:1:      spicycebolla_arrival_clurvy, layout_loops_ring
D:2:      layout_basic

Skill      XL: |  1  2 |
---------------+-------+-----
Staves         | 3 |  3.3
Unarmed Combat | 1 |  1.5
Fighting       | |  2.3
Throwing       | |  1.7
Dodging        | |  2.6

Action                     || total
---------------------------++-------
  Melee: Quarterstaff      ||    83
         Kick              ||    10
   Stab: Sleeping          ||     1
 Armour: Leather armour    ||    28
  Dodge: Dodged            ||    55

Table legend: (Time is in decaauts)
 A = Elapsed time spent in this place.
 B = Non-inter-level travel time spent in this place.
 C = Inter-level travel time spent in this place.
 D = Time resting spent in this place.
 E = Time spent auto-exploring this place.
 F = Levels seen in this place.
 G = Mean time per level.
                   A        B        C        D        E       F      G
               +--------+--------+--------+--------+--------+-----+--------+
         Total |    788 |    755 |     33 |      0 |    538 |   2 |  394.0 |
       Dungeon |    788 |    755 |     33 |      0 |    538 |   2 |  394.0 |
               +--------+--------+--------+--------+--------+-----+--------+

Top non-repeatable levels by time:
     D:1: 658 daAuts
     D:2: 129 daAuts
